 Dungeon Crawl Stone Soup version 0.23.2 (webtiles) character file.

Game seed: 17703313551039238398

97 Borgoz the Sneak (level 4, -7/37 HPs)
             Began as a Ghoul Assassin on Apr 4, 2019.
             Mangled by Crazy Yiuf
             ... wielding a +2 quarterstaff of chaos
              (16 damage)
             ... on level 2 of the Dungeon.
             The game lasted 00:02:18 (1567 turns).

Borgoz the Sneak (Ghoul Assassin)                   Turns: 1567, Time: 00:02:19

Health: -7/37      AC:  4    Str: 14    XL:     4   Next: 68%
Magic:  3/3        EV: 12    Int:  6    God:
Gold:   81         SH:  0    Dex: 11    Spells: 3/3 levels left

rFire    . . .     SeeInvis .   a - +2 dagger
rCold    + . .     Gourm    .   (no shield)
rNeg     + + +     Faith    .   c - +0 robe
rPois    ∞         Spirit   .   (no helmet)
rElec    .         Reflect  .   d - +0 cloak
rCorr    .         Harm     .   (no gloves)
MR       .....                  o - +0 pair of boots
Stlth    +++.......             (no amulet)
HPRegen  0.00/turn              (no ring)
MPRegen  0.08/turn              (no ring)

@: very slightly contaminated, rotting, invisible (expiring)
A: rotting body, claws 1, carnivore, cold resistance 1, negative energy
resistance 3, inhibited regeneration, torment resistance, unbreathing
a: no special abilities


You were on level 2 of the Dungeon.
You were not hungry.

You visited 1 branch of the dungeon, and saw 2 of its levels.

You collected 81 gold pieces.

Inventory:

Hand Weapons
 a - a +2 dagger (weapon)
 b - a +0 blowgun
 j - a +1 dagger of freezing
Missiles
 e - 8 poisoned needles
 f - 2 curare-tipped needles
Armour
 c - a +0 robe (worn)
 d - a +0 cloak (worn)
 o - a +0 pair of boots (worn)
Jewellery
 r - an uncursed amulet of faith {unknown}
 u - an uncursed amulet of faith {unknown}
Wands
 s - a wand of digging (6)
Scrolls
 i - 3 scrolls of teleportation {unknown}
 l - 7 scrolls of identify {unknown}
 n - 2 scrolls of noise {unknown}
 p - 2 scrolls of enchant weapon {unknown}
 t - a scroll of magic mapping {unknown}
Potions
 h - a potion of berserk rage {unknown}
 k - a potion of mutation {unknown}
 m - a potion of brilliance {unknown}
 q - a potion of curing
Comestibles
 g - 3 rations


   Skills:
 + Level 2.6 Fighting
 * Level 2.6 Short Blades
 - Level 1.7 Throwing
 * Level 1.7 Armour
 * Level 2.0 Dodging
 + Level 4.7 Stealth


You had 3 spell levels left.
You didn't know any spells.
Your spell library was empty.

Dungeon Overview and Level Annotations

Branches:
Dungeon (2/15)

Altars:
Dithmenos

Annotations:
D:2 Crazy Yiuf


Innate Abilities, Weirdness & Mutations

Your body is rotting away.
You thrive on raw meat.
You are immune to poison.
You have sharp fingernails.
You are carnivorous and can eat meat at any time.
Your flesh is cold resistant. (rC+)
You are immune to negative energy. (rN+++)
You do not regenerate when monsters are visible.
You are immune to unholy pain and torment.
You can survive without breathing.


Message History

Crazy Yiuf hits you with a +2 quarterstaff of chaos.
Crazy Yiuf burns you.
* * * LOW HITPOINT WARNING * * *
You hit Crazy Yiuf but do no damage.
Crazy Yiuf is almost dead.
You barely miss Crazy Yiuf.
Crazy Yiuf is almost dead.
Crazy Yiuf closely misses you.
You hit Crazy Yiuf but do no damage.
Crazy Yiuf is almost dead.
You flicker for a moment.
Crazy Yiuf says, "Crazy?
Crazy!?
PORCUPINE!"
Crazy Yiuf closely misses you.
You barely miss Crazy Yiuf.
Crazy Yiuf is almost dead.
Crazy Yiuf hits you but does no damage.
You hit Crazy Yiuf.
Crazy Yiuf is almost dead.
Crazy Yiuf hits you but does no damage.
You are electrocuted!
You die...

#...##########...##
#..........##.....#
#...######.###...## #####
### ##.######## #..........
##.######## ####♣♣ #####
#.# ##..#.♣♣ ♣♣#..)# #.#
#......♣♣♣♣.'.@g# #.#
#......)♣..♣#)..# #.#
##.#.#..♣.♣♣♣##### #.#
#..###♣♣♣♣♣ #.# ##.##
#.########## #.[# ########
##.#......... #.## #......#
##....#####..# ..#
#.####.#######....†###.....
.## #.#
#.......##....#......#


You could see Crazy Yiuf.

Vanquished Creatures
  Jessica (D:2)
  3 gnolls (D:2)
  An adder (D:2)
  3 dart slugs
  2 bats
  A giant cockroach (D:1)
  4 hobgoblins
  3 quokkas (D:2)
  A frilled lizard (D:1)
  5 goblins (D:1)
  4 kobolds
28 creatures vanquished.

Notes
Turn   | Place    | Note
-------+----------+-------------------------------------------
     0 | D:1      | Borgoz the Ghoul Assassin began the quest for the Orb.
     0 | D:1      | Reached XP level 1. HP: 17/17 MP: 0/0
    49 | D:1      | Reached skill level 1 in Dodging
   107 | D:1      | Reached XP level 2. HP: 7/24 MP: 1/1
   526 | D:2      | Reached skill level 1 in Armour
   557 | D:2      | Reached XP level 3. HP: 19/30 MP: 2/2
  1090 | D:2      | Reached XP level 4. HP: 37/37 MP: 3/3
  1291 | D:2      | Noticed Jessica
  1299 | D:2      | Killed Jessica
  1493 | D:2      | Found a shadowy altar of Dithmenos.
  1543 | D:2      | Found a runed translucent door.
  1544 | D:2      | Noticed Crazy Yiuf
  1567 | D:2      | Mangled by Crazy Yiuf

Skill      XL: |  1  2  3  4 |
---------------+-------------+-----
Dodging        | 1 2 |  2.0
Short Blades   | 2 |  2.6
Armour         | 1 |  1.7
Fighting       | |  2.6
Throwing       | |  1.7
Stealth        | |  4.7

Action                   |  1- 3 |  4- 6 || total
-------------------------+-------+-------++-------
Melee: Dagger            |   104 |    37 ||   141
  Use: Potion            |     3 |     1 ||     4
 Stab: Sleeping          |     7 |     1 ||     8
       Invisible         |       |     1 ||     1
  Eat: Chunk             |    10 |       ||    10
Armor: Robe              |    12 |     5 ||    17
Dodge: Dodged            |    44 |    17 ||    61
